 Dungeon Crawl Stone Soup version 0.32-a0-391-gce5c0aab1b (webtiles) character file.

Game seed: 16996576734703344853

29078 Sobieck the Cleaver (level 13, -8/105 (108) HPs)
             Began as a Coglin Berserker on Feb 19, 2024.
             Was a High Priest of Trog.
             Killed from afar by a necromancer (14 damage)
             ... with a bolt of negative energy
             ... on level 13 of the Dungeon.
             The game lasted 00:24:45 (15584 turns).

Sobieck the Cleaver (Coglin Berserker)             Turns: 15584, Time: 00:24:46

HP:   -8/105 (108)  AC: 25    Str: 21    XL:     13   Next: 43%
MP:   13/13         EV:  5    Int:  7    God:    Trog [*****.]
Gold: 695           SH:  5    Dex: 15    Spells: 12/12 levels left

rFire   . . .        M - +5 broad axe {god gift, Liang}
rCold   + . .        B - +1 war axe (drain) {Ahmose}
rNeg    + . .        W - +0 crystal plate armour
rPois   .            l - +1 helmet
rElec   .            (no cloak)
rCorr   .            (no gloves)
SInv    .            I - +1 pair of boots
Will    ++...        i - amulet of reflection Stlth
                     c - ring of protection from cold
HPRegen 0.37/turn    z - ring "Yroweaq" {rN+ Will++}
MPRegen 0.13/turn

%: reflection
@: on berserk cooldown, slowed, lightly drained, revving, very slow
A: off-hand wielding, slow wielding, warmup strikes, warmup strides
a: Renounce Religion, Berserk, Trog's Hand, Brothers in Arms


You were on level 13 of the Dungeon.
You worshipped Trog.
Trog was extremely pleased with you.
You visited 1 branch of the dungeon, and saw 13 of its levels.
You also visited: Ice Cave.

You collected 695 gold pieces.

Inventory:

Hand Weapons
 B - a +1 war axe of draining (worn) {Ahmose}
 M - a +5 broad axe (weapon) {god gift, Liang}
 O - the +5 flail "Fiereab" {freeze, *Rage *Slow Str+3 Dex+8}
   (You found it on level 12 of the Dungeon)

   Str+3:     It affects your strength (+3).
   Dex+8:     It affects your dexterity (+8).
   *Rage:     It berserks you when you make melee attacks (+20% chance).
   *Slow:     It may slow you when you take damage.
 U - the +0 eveningstar of Koahaxt {heavy, rPois rN+ Dex-5}
   (You found it on level 13 of the Dungeon)

   Dex-5:     It affects your dexterity (-5).
   rPois:     It protects you from poison rN+: It protects you from negative
   energy.
Missiles
 j - 105 stones (quivered)
 k - 17 poisoned darts
 t - 5 boomerangs
 F - 2 curare-tipped darts
 Z - a throwing net
Armour
 b - a +0 animal skin
 l - a +1 helmet (worn)
 n - a +0 ring mail
 o - a +1 troll leather armour {Snorg}
 p - a +0 scale mail
 r - a +0 pair of gloves
 u - an orb of light
 C - +0 steam dragon scales
 I - a +1 pair of boots (worn)
 K - a +0 chain mail
 N - a +0 plate armour
 P - a +2 kite shield of cold resistance
 R - the +1 robe "Epleth" {rElec rPois rC+ Dex+2}
   (You found it in an ice cave)

   Dex+2:     It affects your dexterity (+2).
   rC+:       It protects you from cold.
   rElec:     It insulates you from electricity.
   rPois:     It protects you from poison
 S - a +2 buckler of cold resistance
 W - a +0 crystal plate armour (worn)
Jewellery
 c - a ring of protection from cold (left grasper)
 i - an amulet of reflection (around neck)
 q - a +6 ring of dexterity
 y - a +4 ring of protection
 z - the ring "Yroweaq" (right grasper) {rN+ Will++}
   (You found it on level 6 of the Dungeon)

   [ring of positive energy]

   rN+:       It protects you from negative energy.
   Will++:    It greatly increases your willpower.
 E - an amulet of the acrobat
Wands
 f - a wand of roots (45)
 s - a wand of mindburst (11)
 x - a wand of acid (7)
 D - a wand of digging (5)
 V - a wand of flame (14)
Scrolls
 a - a scroll of immolation
 h - 2 scrolls of revelation
 v - a scroll of poison
 A - 2 scrolls of noise
 G - a scroll of fear {unknown}
 T - 11 scrolls of teleportation
Potions
 d - 3 potions of enlightenment
 e - a potion of cancellation {unknown}
 g - 3 potions of resistance
 m - 2 potions of heal wounds
 w - 2 potions of lignification
 H - 5 potions of haste
 J - a potion of attraction
 L - a potion of invisibility
 Q - 6 potions of curing


   Skills:
 + Level 12.0 Fighting
 - Level 14.0 Axes
 + Level 10.8 Armour
 - Level 2.0 Dodging
 - Level 10.0 Evocations


You had 12 spell levels left.
You didn't know any spells.
Your spell library was empty.

Dungeon Overview and Level Annotations

Branches:
Dungeon (13/15)            Temple (0/1) D:4            Lair (0/5) D:11
    Orc (0/2) D:11          IceCv (visited)
 Vaults: D:13-14

Altars:
Ashenzari
Dithmenos
Fedhas
Gozag
Makhleb
Nemelex Xobeh
Qazlal
Sif Muna

Shops:
D:4 :   D:6 =


Innate Abilities, Weirdness & Mutations

You can wield a second weapon in your off-hand.
It takes a long time for you to wield or remove held weapons.
Your first few attacks do less damage.
Your first movements take longer.


Message History

You slash the troll with your +1 war axe of draining!
You drain the troll.
You kill the troll!
Trog accepts your kill.
A freezing mist starts to gather...
A troll simulacrum comes into view.
Unknown command.
You slice the troll simulacrum with your +1 war axe of draining!!
The troll simulacrum vaporises!
Unknown command.
You closely miss the orc knight simulacrum with your +5 broad axe.
You slice the orc knight simulacrum with your +1 war axe of draining!!
The necromancer casts a spell.
The necromancer binds the souls of nearby monsters.
Unknown command.
You slice the orc knight simulacrum with your +5 broad axe!!
The orc knight simulacrum vaporises!
Unknown command.
Unknown command.
You are too berserk!
Unknown command.
Unknown command.
Unknown command.
You feel a strong urge to attack something.
The tengu warrior is engulfed in freezing vapours.
The tengu warrior hits you with a +0 dire flail.
* * * LOW HITPOINT WARNING * * *
The tengu warrior pecks you but does no damage.
The tengu warrior claws you but does no damage.
Things that are here:
a +0 war axe; a +4 plate armour; an orc corpse Unknown command.
Unknown command.
You slice the tengu warrior with your +1 war axe of draining!!
You drain the tengu warrior.
The tengu warrior is heavily wounded.
You closely miss the tengu warrior with your +5 broad axe.
You are no longer berserk.
You are exhausted.
You feel yourself slow down. The tengu warrior slips past you!
The tengu warrior hits you with a +0 dire flail.
* * * LOW HITPOINT WARNING * * *
The tengu warrior pecks you but does no damage.
The tengu warrior claws you but does no damage.
Unknown command.
The tengu warrior's soul is no longer bound.
The necromancer hits you but does no damage.
The necromancer casts a spell at you. The bolt of negative energy hits you!
You partially resist.
You feel drained.
You die...

##.###. ..# ## #...###
### # #...# .# #...# #...
.... #...# #[##.#.. #...#
#.##.#.## # #...#
#.##.....
#..######Q..#####.###...#
#......p@..........#.....
####...######...........
#.).'....#...........
#...#....##.##.......
#...#''###..##.......
'...# .#...###.......
.#...# .#.## ##......
..#...# #. #...... ..
#...# ' ###....


You could see a tengu warrior (drained) and a necromancer.

Vanquished Creatures
  A stone giant (D:13)
  Snorg (D:10)
  Fannar (D:12)
  3 catoblepae (D:13)
  4 boulder beetles
  A two-headed ogre (D:11)
  Nergalle (D:11)
  2 bog bodies (IceCv)
  2 orc knights (D:13)
  A deep elf pyromancer (D:13)
  A deep elf zephyrmancer (D:13)
  2 manticores
  An ice statue (IceCv)
  A cyclops (D:12)
  3 gargoyles
  Maggie (D:6)
  A freezing wraith (IceCv)
  2 kobold demonologists (D:9)
  2 komodo dragons
  Psyche (D:9)
  5 trolls
  A hornet (D:10)
  4 wyverns
  11 slime creatures (D:13)
  A dire elephant simulacrum (IceCv)
  22 yaks
  A basilisk (D:12)
  2 wraiths
  4 steam dragons (D:8)
  A death yak simulacrum (IceCv)
  Edmund (D:4)
  An acid dragon (D:10)
  A water moccasin (D:6)
  3 orc warriors
  A swamp drake (D:11)
  A sky beast (D:7)
  An ice beast (D:7)
  4 ogres
  4 centaurs
  A phantom (D:6)
  4 kobold brigands
  4 bullfrogs
  5 gnoll sergeants
  3 scorpions
  4 cane toad simulacra (IceCv)
  8 two-headed ogre simulacra (IceCv)
  23 wights
  4 elephant simulacra (IceCv)
  6 killer bees
  2 bombardier beetles (D:6)
  3 howler monkeys
  A hound (D:5)
  3 gnoll boudas (D:5)
  7 orc priests
  4 jellies
  2 iguanas
  2 sleepcaps (D:6)
  11 orc wizards
  4 troll simulacra (IceCv)
  Natasha (D:3)
  3 spriggan simulacra (IceCv)
  5 polar bear simulacra (IceCv)
  A wolf simulacrum (IceCv)
  Robin (D:3)
  33 gnolls
  11 adders
  4 naga simulacra (IceCv)
  2 shadow imps
  2 white imps (IceCv)
  10 ufetubi (IceCv)
  2 dart slugs
  A ribbon worm (D:2)
  22 orcs
  5 endoplasms
  8 giant cockroaches
  12 goblins
  10 hobgoblins
  10 jackals
  10 kobolds
  2 quokkas (D:2)
  7 ball pythons
  6 bats
  4 frilled lizards
  4 rats
378 creatures vanquished.

Vanquished Creatures (others)
  A yak (D:8)
1 creature vanquished.

Grand Total: 379 creatures vanquished

Notes
Turn   | Place    | Note
-------+----------+-------------------------------------------
     0 | D:1      | Sobieck the Coglin Berserker began the quest for the Orb.
     0 | D:1      | Reached XP level 1. HP: 18/18 MP: 1/1
   173 | D:1      | Reached XP level 2. HP: 22/24 MP: 2/2
   322 | D:1      | Reached skill level 1 in Evocations
   331 | D:1      | Reached XP level 3. HP: 26/29 MP: 3/3
   517 | D:1      | Reached ** piety under Trog
   814 | D:2      | Reached XP level 4. HP: 34/35 MP: 4/4
   921 | D:2      | Found a faded altar of an unknown god.
  1136 | D:2      | Reached skill level 4 in Axes
  1140 | D:2      | Reached XP level 5. HP: 27/41 MP: 5/5
  1836 | D:3      | HP: 2/42 [poisoned by a scorpion]
  2325 | D:3      | Reached skill level 3 in Evocations
  2325 | D:3      | Reached XP level 6. HP: 48/48 MP: 6/6
  2412 | D:3      | Found a burning altar of Makhleb.
  2720 | D:4      | Noticed Natasha
  2782 | D:4      | Noticed Robin
  2789 | D:3      | Killed Natasha
  2848 | D:3      | Killed Robin
  2849 | D:3      | Reached skill level 3 in Armour
  3045 | D:4      | Reached skill level 5 in Axes
  3153 | D:4      | Reached *** piety under Trog
  3267 | D:4      | Noticed Edmund
  3278 | D:4      | Killed Edmund
  3279 | D:4      | Reached XP level 7. HP: 55/55 MP: 7/7
  3544 | D:4      | Found a staircase to the Ecumenical Temple.
  3574 | D:4      | Found Bamekimuy's Book Emporium.
  4280 | D:5      | Entered Level 5 of the Dungeon
  4740 | D:5      | HP: 1/55 [gnoll sergeant/+2 trident of venom (5)]
  5061 | D:5      | Reached skill level 6 in Axes
  5156 | D:5      | Found a shadowy altar of Dithmenos.
  5273 | D:5      | Reached XP level 8. HP: 41/61 MP: 8/8
  5939 | D:5      | Reached skill level 7 in Axes
  6342 | D:6      | Identified the ring "Yroweaq" {rN+ Will++}
  6419 | D:6      | Found Anaucaox's Jewellery Boutique.
  6428 | D:6      | Reached skill level 6 in Evocations
  6488 | D:6      | Noticed Maggie
  6505 | D:6      | Killed Maggie
  6506 | D:6      | Reached XP level 9. HP: 22/69 MP: 9/9
  6507 | D:6      | Reached skill level 6 in Fighting
  6507 | D:6      | Reached skill level 8 in Axes
  7288 | D:7      | Reached **** piety under Trog
  7444 | D:7      | Found a shimmering blue altar of Sif Muna.
  7852 | D:8      | Reached skill level 9 in Axes
  7861 | D:8      | Reached XP level 10. HP: 71/77 MP: 10/10
  7871 | D:8      | Reached skill level 6 in Armour
  8183 | D:8      | Reached skill level 10 in Axes
  8803 | D:8      | Reached skill level 9 in Evocations
  8911 | D:8      | Found a sparkling altar of Nemelex Xobeh.
  9300 | D:9      | Noticed a kobold demonologist
  9300 | D:9      | Noticed a kobold demonologist
  9303 | D:9      | Killed a kobold demonologist
  9304 | D:9      | Noticed a rust devil
  9308 | D:9      | Reached XP level 11. HP: 66/86 MP: 11/11
  9318 | D:9      | Reached skill level 11 in Axes
  9490 | D:9      | Reached ***** piety under Trog
  9789 | D:9      | Noticed Psyche
  9803 | D:9      | Killed Psyche
  9883 | D:9      | Found a broken altar of Ashenzari.
  9908 | D:9      | Found a blossoming altar of Fedhas.
 10281 | D:9      | Found a stormy altar of Qazlal.
 10291 | D:9      | Found an opulent altar of Gozag.
 10312 | D:10     | Entered Level 10 of the Dungeon
 10598 | D:10     | Noticed Snorg
 10611 | D:10     | Killed Snorg
 10682 | D:10     | Paralysed by a hornet for 2 turns
 10972 | D:10     | Noticed a manticore
 10984 | D:10     | Killed a manticore
 11076 | D:10     | Reached skill level 12 in Axes
 11440 | D:10     | Reached skill level 9 in Fighting
 11579 | D:11     | Noticed a boulder beetle
 11591 | D:10     | Killed a boulder beetle
 11800 | D:11     | Received a gift from Trog
 11887 | D:11     | Noticed Nergalle
 11891 | D:11     | Killed Nergalle
 12005 | D:11     | Noticed a two-headed ogre
 12018 | D:11     | Killed a two-headed ogre
 12019 | D:11     | Reached XP level 12. HP: 90/96 MP: 12/12
 12098 | D:11     | Found a staircase to the Lair.
 12299 | D:11     | Found a staircase to the Orcish Mines.
 12475 | D:12     | Reached skill level 13 in Axes
 12777 | D:12     | Identified the +5 flail "Fiereab" {freeze, *Rage *Slow
                  | Str+3 Dex+8}
 13419 | D:12     | Noticed Fannar
 13433 | D:12     | Killed Fannar
 13581 | D:13     | Reached skill level 9 in Armour
 13629 | D:13     | Found a frozen archway.
 13637 | IceCv    | Entered an ice cave
 14361 | IceCv    | Reached skill level 14 in Axes
 14979 | IceCv    | Reached XP level 13. HP: 76/105 MP: 13/13
 15076 | IceCv    | Identified the +1 robe "Epleth" {rElec rPois rC+ Dex+2}
 15157 | D:13     | Noticed a stone giant
 15371 | D:13     | Killed a stone giant
 15477 | D:13     | Got the +0 eveningstar of Koahaxt {heavy, rPois rN+ Dex-5}
 15573 | D:13     | Reached skill level 12 in Fighting
 15583 | D:13     | HP: 5/108 [tengu warrior/+0 dire flail (4)]
 15584 | D:13     | Killed from afar by a necromancer

Illustrated notes

Levels and vault maps discovered:
D:1:      saegor_arrival_simple_d, layout_loops_ring, minmay_misc_feat_cross
D:2:      layout_basic, shapermc_ecumenical_altar_ellora, serial_bayou_lake_a
D:3:      layout_basic, mainiacjoe_overflow_brackets, corexii_leaking_fountain
D:4:      layout_basic, minmay_temple_entry_wispy, serial_shops,
          nicolae_book_shop_shelving, serial_co_window_serial,
          co_window_paths_a, co_window_paths_b, co_window_paths_a,
          co_window_corner_a, co_window_corner_a, co_window_paths_a,
          co_window_corner_a, co_window_cross_3, co_window_unsneaky_path_b,
          co_window_paths_c, glass_columns_c, glass_columns_a, glass_columns_a,
          uniq_natasha, uniq_robin, uniq_edmund
D:5:      layout_basic, nicolae_overflow_crystal_walls, nicolae_grassy_gnolls
D:6:      layout_basic, serial_curves, eino_curves_04, eino_curves_03,
          serial_shops, shop_statue, minmay_misc_feat_tiny, uniq_maggie
D:7:      layout_rooms, lemuel_blue_sif_altar
D:8:      layout_loops_cross, nemelex_diamond_rough_becter,
          grunt_decor_one_mirror, minmay_joined_circles
D:9:      layout_loops_ring, mainiacjoe_overflow_alcove_1,
          amethyst_overflow_temple_binary, ashenzari_conservatory_becter,
          uniq_psyche
D:10:     layout_long_grid, uniq_snorg
D:11:     layout_big_octagon, erik_lair_dragon, orc_0_dummy, uniq_nergalle
D:12:     layout_basic, minmay_misc_feat_plants, chequers_garden, uniq_fannar
D:13:     minmay_roctagon, layout_loops_cross, david_vaults_1,
          portal_ice_cave_entry_pillars_2, uniq_urug

Skill      XL: |  1  2  3  4  5  6  7  8  9 10 11 12 13 |
---------------+----------------------------------------+-----
Armour         | 2 3 5 6 8 9 10 | 10.8
Evocations     | 1 2 3 4 6 7 9 10 | 10.0
Dodging        | 2 |  2.0
Axes           | 4 5 6 7 9 10 12 14 | 14.0
Fighting       | 4 5 6 7 9 10 12 | 12.0

Action                     |  1- 3 |  4- 6 |  7- 9 | 10-12 | 13-15 || total
---------------------------+-------+-------+-------+-------+-------++-------
  Melee: Hand axe          |    54 |   192 |   334 |    50 |       ||   630
         Club              |    43 |    20 |       |       |       ||    63
         War axe           |       |       |    65 |   626 |    63 ||   754
         Broad axe         |       |       |       |   183 |    65 ||   248
  Throw: Stone             |       |     3 |       |    10 |       ||    13
         Dart              |       |       |    15 |    19 |       ||    34
 Invoke: Berserk           |     1 |     2 |     3 |     5 |     2 ||    13
         Trog's Hand       |       |       |     1 |     1 |       ||     2
         Brothers in Arms  |       |       |       |     1 |       ||     1
  Evoke: Wand              |       |       |     2 |     3 |       ||     5
    Use: Scroll            |       |     6 |     5 |    13 |       ||    24
         Potion            |       |     1 |     4 |       |       ||     5
   Stab: Sleeping          |     2 |     1 |       |       |       ||     3
         Petrified         |       |       |       |       |    11 ||    11
         Petrifying        |       |       |       |       |     3 ||     3
 Armour: Animal skin       |    34 |    48 |       |       |       ||    82
         Ring mail         |       |    19 |     3 |       |       ||    22
         Scale mail        |       |       |   105 |       |       ||   105
         Steam dragon scal |       |       |    30 |    53 |       ||    83
         Chain mail        |       |       |       |   163 |       ||   163
         Plate armour      |       |       |       |   152 |    32 ||   184
         Crystal plate arm |       |       |       |       |    16 ||    16
  Dodge: Dodged            |    36 |    82 |    81 |   152 |    16 ||   367
  Block: Other             |       |    22 |    33 |    79 |     8 ||   142
         Reflection        |       |     1 |       |     3 |     2 ||     6

Table legend: (Time is in decaauts)
 A = Elapsed time spent in this place.
 B = Non-inter-level travel time spent in this place.
 C = Inter-level travel time spent in this place.
 D = Time resting spent in this place.
 E = Time spent auto-exploring this place.
 F = Levels seen in this place.
 G = Mean time per level.
                   A        B        C        D        E       F      G
               +--------+--------+--------+--------+--------+-----+--------+
         Total |  16087 |  15659 |    428 |   4051 |   8689 |  14 | 1149.1 |
       Dungeon |  14568 |  14140 |    428 |   3130 |   8523 |  13 | 1120.6 |
      Ice Cave |   1518 |   1518 |      0 |    920 |    165 |   1 | 1518.0 |
               +--------+--------+--------+--------+--------+-----+--------+

Top non-repeatable levels by time:
     D:5: 1656 daAuts
     D:4: 1594 daAuts
     D:8: 1548 daAuts
   IceCv: 1518 daAuts
    D:10: 1506 daAuts
     D:3: 1354 daAuts
    D:12: 1237 daAuts
     D:2: 1067 daAuts
     D:9: 1039 daAuts
     D:6: 866 daAuts
     D:1: 841 daAuts
     D:7: 719 daAuts
    D:13: 569 daAuts
    D:11: 566 daAuts
